 Dungeon Crawl Stone Soup version 0.21.1-1-g345015f (webtiles) character file.

145 dan232 the Charlatan (level 5, -6/41 HPs)
             Began as a Hill Orc Artificer on July 22, 2018.
             Was an Initiate of Makhleb.
             Mangled by an orc
             ... wielding a +2 hand axe of electrocution
              (10 damage)
             ... on level 3 of the Dungeon.
             The game lasted 00:11:24 (2255 turns).

dan232 the Charlatan (Hill Orc Artificer)           Turns: 2255, Time: 00:11:25

Health: -6/41      AC:  5    Str: 16    XL:     5   Next: 27%
Magic:  7/7        EV: 11    Int: 11    God:    Makhleb [......]
Gold:   115        SH:  0    Dex: 11    Spells: 4/4 levels left

rFire    . . .     SeeInvis .   s - +0 short sword
rCold    . . .     Gourm    .   (no shield)
rNeg     . . .     Faith    .   p - +0 ring mail
rPois    .         Spirit   .   (no helmet)
rElec    .         Reflect  .   (no cloak)
rCorr    .         Harm     .   (no gloves)
MR       .....                  (no boots)
Stlth    +.........             (no amulet)
HPRegen  0.13/turn              (no ring)
MPRegen  0.10/turn              (no ring)

@: slowed, very slow
A: no striking features
a: Renounce Religion


You were on level 3 of the Dungeon.
You worshipped Makhleb.
Makhleb was noncommittal.
You were hungry.

You visited 1 branch of the dungeon, and saw 3 of its levels.

You collected 115 gold pieces.

Inventory:

Hand Weapons
 a - a +0 short sword
 h - a +0 whip
 m - a +0 hunting sling
 o - a +0 short sword
 r - a +0 short sword
 s - a +0 short sword (weapon)
 u - a +0 short sword
Armour
 b - a +0 leather armour
 k - a +0 leather armour
 p - a +0 ring mail (worn)
 x - a +0 leather armour
Wands
 c - a wand of flame (15)
 d - a wand of enslavement (15)
 e - a wand of random effects (15)
Scrolls
 i - 2 scrolls of enchant weapon {unknown}
 n - a scroll of enchant armour {unknown}
 q - 2 scrolls of blinking {unknown}
 v - 3 scrolls of magic mapping {unknown}
 w - a scroll of amnesia {unknown}
 y - 2 scrolls of identify {unknown}
Potions
 g - a potion of magic {unknown}
 j - a potion of brilliance {unknown}
 l - a potion of ambrosia {unknown}
 t - a potion of heal wounds {unknown}
 A - a potion of lignification {unknown}
Comestibles
 f - 8 rations


   Skills:
 + Level 2.1 Fighting
 + Level 2.9 Short Blades
 + Level 2.7 Armour
 + Level 2.0 Dodging
 + Level 0.9 Stealth
 + Level 3.5 Evocations


You had 4 spell levels left.
You didn't know any spells.

Dungeon Overview and Level Annotations

Branches:
Dungeon (3/15)

Altars:
Makhleb


Message History

The orc barely misses you.
You closely miss the orc wizard.
The orc wizard is almost dead.
The orc wizard points at you and mumbles some strange words.
You feel as though you will be slow longer.
The orc wizard mumbles some strange words.
The orc wizard blinks!
The orc misses you.
The orc wizard points at you and mumbles some strange words.
The magic dart hits you!
* * * LOW HITPOINT WARNING * * *
The orc wizard hits you but does no damage.
You hit the orc wizard.
You kill the orc wizard!
Makhleb accepts your kill.
Your Dodging skill increases to level 2!
The orc hits you but does no damage. The orc closely misses you.
The orc hits you with a hand axe of electrocution.
* * * LOW HITPOINT WARNING * * *
You are electrocuted!
You die...

#### # ..# #.#.######
##.#.#....#
.......##.#
######+#......# #
........<.....###.####
#......#@...##.......
#......o....)........
####..##....##.......
#.. #..[.# ....... #..
###### o...... #>.
..o...> #.. .......
#.. #######


You could see an orc.

Vanquished Creatures
  A hound (D:2)
  An orc wizard (D:3)
  2 adders (D:2)
  2 oozes
  3 worms (D:2)
  3 dart slugs
  2 orcs
  3 giant cockroaches (D:1)
  4 goblins (D:2)
  2 hobgoblins (D:2)
  2 jackals (D:1)
  A quokka (D:1)
  4 bats
  3 frilled lizards (D:1)
  7 kobolds
  7 rats
47 creatures vanquished.

Vanquished Creatures (others)
  6 toadstools (D:3)
6 creatures vanquished.

Grand Total: 53 creatures vanquished

Notes
Turn   | Place    | Note
-------+----------+-------------------------------------------
     0 | D:1      | dan232 the Hill Orc Artificer began the quest for the Orb.
     0 | D:1      | Reached XP level 1. HP: 16/16 MP: 3/3
   458 | D:1      | Reached XP level 2. HP: 21/23 MP: 4/4
   946 | D:1      | Reached XP level 3. HP: 20/28 MP: 5/5
   952 | D:1      | Reached skill level 1 in Armour
  1406 | D:2      | Reached XP level 4. HP: 14/36 MP: 6/6
  1918 | D:2      | Found a burning altar of Makhleb.
  1927 | D:2      | Became a worshipper of Makhleb the Destroyer
  2063 | D:2      | Reached XP level 5. HP: 22/41 MP: 7/7
  2255 | D:3      | Mangled by an orc

Skill      XL: |  1  2  3  4  5 |
---------------+----------------+-----
Armour         | 1 2 |  2.7
Short Blades   | 2 |  2.9
Fighting       | 2 |  2.1
Dodging        | 2 |  2.0
Stealth        | |  0.9
Evocations     | |  3.5

Action                   |  1- 3 |  4- 6 || total
-------------------------+-------+-------++-------
Melee: Short sword       |   125 |   137 ||   262
 Stab: Sleeping          |     1 |       ||     1
  Eat: Chunk             |     2 |     2 ||     4
Armor: Leather armour    |    17 |       ||    17
       Ring mail         |    29 |    42 ||    71
Dodge: Dodged            |    78 |    87 ||   165
